 Dungeon Crawl Stone Soup version 0.30.1-11-g7821555f0a (webtiles) character file.

Game seed: 3372229977558691809

86 Okkudo the Chopper (level 4, 0/39 HPs)
             Began as a Hill Orc Monk on Dec 1, 2023.
             Slain by a gnoll
             ... wielding a +0 whip
              (7 damage)
             ... on level 3 of the Dungeon.
             The game lasted 00:04:12 (1844 turns).

Okkudo the Chopper (Hill Orc Monk)                  Turns: 1844, Time: 00:04:12

Health: 0/39       AC:  2    Str: 15    XL:     4   Next: 50%
Magic:  4/4        EV: 13    Int: 10    God:
Gold:   113        SH:  0    Dex: 19    Spells: 3/3 levels left

rFire   . . .        a - +0 hand axe
rCold   . . .        d - orb {light}
rNeg    + . .        b - +0 robe
rPois   .            (no helmet)
rElec   .            (no cloak)
rCorr   .            (no gloves)
SInv    .            (no boots)
Will    .....        (no amulet)
Stlth   +            i - ring of positive energy
HPRegen 0.26/turn    j - +6 ring of dexterity
MPRegen 0.09/turn

%: no passive effects
@: glowing
A: no striking features
a: no special abilities


You were on level 3 of the Dungeon.
You visited 1 branch of the dungeon, and saw 3 of its levels.

You collected 113 gold pieces.

Inventory:

Hand Weapons
 a - a +0 hand axe (weapon)
Armour
 b - a +0 robe (worn)
 d - an orb of light (worn)
Jewellery
 i - a ring of positive energy (left hand)
 j - a +6 ring of dexterity (right hand)
 l - a ring of wizardry
Scrolls
 e - 2 scrolls of identify {unknown}
 g - 2 scrolls of vulnerability {unknown}
 h - a scroll of teleportation {unknown}
 k - a scroll of enchant weapon {unknown}
Potions
 c - 2 potions of ambrosia
 f - a potion of brilliance {unknown}
 m - a potion of mutation {unknown}


   Skills:
 - Level 3.6 Fighting
 * Level 6.8 Axes
 - Level 2.4 Dodging


You had 3 spell levels left.
You didn't know any spells.
Your spell library contained the following spells:

 Spells                   Type           Power      Damage    Failure   Level
 Summon Guardian Golem    Hex/Summ       0%         N/A       75%         3
 Orb of Destruction       Conj           0%         9d5       100%        7
 Spellforged Servitor     Conj/Summ      0%         N/A       100%        7


Dungeon Overview and Level Annotations

Branches:
Dungeon (3/15)

Altars:


Message History

The gnoll shouts! x2
You hit the ball python but do no damage.
The ball python barely misses you. The ball python grabs you.
The ball python constricts you.
You hit the ball python.
The ball python is severely wounded.
The ball python misses you. The ball python constricts you.
You barely miss the ball python.
The ball python is severely wounded.
The ball python bites you. The ball python constricts you.
A goblin comes into view. It is wielding a +0 dagger.
The ball python bites you. The ball python constricts you.
The goblin shouts!
You hit the ball python.
You kill the ball python!
The gnoll hits you from afar with a +0 spear.
You hit the gnoll.
The gnoll is moderately wounded.
The gnoll closely misses you. The gnoll barely misses you.
You hit the gnoll but do no damage.
The gnoll is moderately wounded.
The gnoll hits you from afar with a +0 spear.
The gnoll hits you with a +0 flail.
You hit the gnoll.
The gnoll is severely wounded.
The gnoll hits you from afar with a +0 spear.
The gnoll hits you with a +0 flail.
You hit the gnoll.
The gnoll is almost dead.
The gnoll hits you from afar with a +0 spear.
The gnoll misses you.
You hit the gnoll.
You kill the gnoll!
The gnoll misses you.
You hit the goblin.
You kill the goblin!
The gnoll hits you from afar with a +0 spear.
* * * LOW HITPOINT WARNING * * *
The gnoll hits you with a +0 whip!
You die...

#gg### #.. .. ...#
#.###.## #.#
####.####.......
#... #..<.g....#
#...#...#####g#
#...#...# #g#
#.......# #.# #
..#....# #.#.##.# ..
###@######.....## #
#gg.............
#.....g........##.#.
#.############## #


You could see 3 gnolls.

Vanquished Creatures
  An adder (D:2)
  A gnoll (D:3)
  A dart slug (D:2)
  4 endoplasms
  5 giant cockroaches
  8 goblins
  7 hobgoblins
  4 jackals (D:1)
  5 kobolds
  A quokka (D:2)
  4 ball pythons
  5 bats
  3 frilled lizards
  8 rats
57 creatures vanquished.

Notes
Turn   | Place    | Note
-------+----------+-------------------------------------------
     0 | D:1      | Okkudo the Hill Orc Monk began the quest for the Orb.
     0 | D:1      | Reached XP level 1. HP: 19/19 MP: 1/1
   131 | D:1      | Reached XP level 2. HP: 14/26 MP: 2/2
   270 | D:1      | Reached skill level 5 in Axes
   346 | D:1      | Reached XP level 3. HP: 12/31 MP: 3/3
  1151 | D:2      | Reached skill level 6 in Axes
  1407 | D:2      | Reached XP level 4. HP: 39/39 MP: 4/4
  1844 | D:3      | Slain by a gnoll

Illustrated notes

Levels and vault maps discovered:
D:1:      sevenhm_arrival_forest_fort_small_4, layout_loops_ring,
          kennysheep_another_room, minmay_misc_feat_roman
D:2:      kennysheep_the_goblin_king, layout_loops_ring
D:3:      layout_loops_ring, vehumet_statue, bloody_makhleb

Skill      XL: |  1  2  3 |
---------------+----------+-----
Axes           | 5 6 |  6.8
Fighting       | |  3.6
Dodging        | |  2.4

Action                     |  1- 3 |  4- 6 || total
---------------------------+-------+-------++-------
  Melee: Hand axe          |   100 |    36 ||   136
 Armour: Robe              |    15 |     2 ||    17
  Dodge: Dodged            |    63 |    20 ||    83
